 Dungeon Crawl Stone Soup version 0.32-a0-329-ge6c31236d6 (webtiles) character file.

Game seed: 15020769236331413663

67 lunkers the Firebug (level 4, -2/33 HPs)
             Began as a Mountain Dwarf Fire Elementalist on Feb 16, 2024.
             Slain by a gnoll
             ... wielding a +0 spear
              (10 damage)
             ... on level 2 of the Dungeon.
             The game lasted 00:01:42 (1802 turns).

lunkers the Firebug (MDFE)                          Turns: 1802, Time: 00:01:43

Health: -2/33      AC:  3    Str: 10    XL:     4   Next: 0%
Magic:  0/6        EV: 11    Int: 18    God:
Gold:   110        SH:  0    Dex: 10    Spells: 3/6 levels left

rFire   + . .        f - +1 short sword (flame)
rCold   + . .        (no shield)
rNeg    . . .        a - +0 robe
rPois   .            i - +0 helmet
rElec   .            g - scarf {repulsion}
rCorr   .            (no gloves)
SInv    .            (no boots)
Will    .....        (no amulet)
Stlth   ++           j - ring of protection from cold
HPRegen 0.25/turn    n - ring of protection from fire
MPRegen 0.10/turn

%: repel missiles
@: no status effects
A: runic magic, artefact enchanting
a: no special abilities


You were on level 2 of the Dungeon.
You visited 1 branch of the dungeon, and saw 2 of its levels.

You collected 110 gold pieces.

Inventory:

Hand Weapons
 d - a +0 dagger
 f - a +1 short sword of flaming (weapon)
Armour
 a - a +0 robe (worn)
 g - a scarf of repulsion (worn)
 i - a +0 helmet (worn)
Jewellery
 j - a ring of protection from cold (left hand)
 n - a ring of protection from fire (right hand)
Scrolls
 e - a scroll of enchant weapon {unknown}
 h - 3 scrolls of revelation {unknown}
 m - a scroll of fog {unknown}
Potions
 b - a potion of magic
 c - a potion of curing {unknown}
 k - a potion of brilliance {unknown}
 l - a potion of degeneration {unknown}
 o - a potion of haste {unknown}
 p - a potion of resistance {unknown}


   Skills:
 - Level 1.3 Dodging
 - Level 1.4 Stealth
 - Level 1.7 Spellcasting
 - Level 0.8 Conjurations
 * Level 5.9 Fire Magic


You had 3 spell levels left.
You knew the following spells:

 Your Spells              Type           Power      Damage    Failure   Level
b - Scorch                Fire           46%        2d6       2%          2
p - Foxfire               Conj/Fire      52%        2x1d6     4%          1

Your spell library contained the following spells:

 Spells                   Type           Power      Damage    Failure   Level
 Inner Flame              Hex/Fire       12%        N/A       16%         3
 Volatile Blastmotes      Fire/Tloc      24%        2d12      16%         3
 Apportation              Tloc           2%         N/A       19%         1
 Jinxbite                 Hex            2%         N/A       28%         2
 Flame Wave               Conj/Fire      13%        2d6       41%         4
 Alistair's Intoxication  Alch           0%         N/A       99%         5


Dungeon Overview and Level Annotations

Branches:
Dungeon (2/15)

Altars:


Innate Abilities, Weirdness & Mutations

Your spellcasting is much less encumbered by armour.
You can use scrolls of enchantment on lesser artefacts.


Message History

The gnoll barely misses you. The jackal misses you.
You hit the jackal. You burn the jackal.
You kill the jackal!
The gnoll barely misses you.
You have reached level 4!
You feel clever. The gnoll barely misses you.
Casting: Foxfire (safe; 4% risk of failure)
Press: ? - help, Q - select action, (/) - cycle Dir - look around, f - activate You conjure some foxfire!
* * * LOW MAGIC WARNING * * *
The gnoll hits you with a +0 spear.
You hit the gnoll. You burn the gnoll.
The gnoll is moderately wounded.
The gnoll closely misses you.
You barely miss the gnoll.
The gnoll is moderately wounded.
The gnoll closely misses you.
You barely miss the gnoll.
The gnoll is moderately wounded.
The gnoll hits you but does no damage.
You hit the gnoll. You burn the gnoll.
The gnoll is severely wounded.
The gnoll hits you with a +0 spear!
* * * LOW HITPOINT WARNING * * *
The gnoll hits you from afar with a +0 spear.
* * * LOW HITPOINT WARNING * * *
Unknown command.
Casting: Foxfire (safe; 4% risk of failure)
Press: ? - help, Q - select action, (/) - cycle Dir - look around, f - activate You conjure some foxfire!
* * * LOW MAGIC WARNING * * *
The gnoll hits you from afar with a +0 spear!
* * * LOW HITPOINT WARNING * * *
The foxfire hits the gnoll.
The gnoll is almost dead.
The gnoll attacks as it pursues you! The gnoll misses you.
The gnoll attacks as it pursues you! The gnoll barely misses you.
The gnoll hits you with a +0 spear!
You die...

............#######.## ###.#
.######..............# #...#
.######.###.#######.## #.###
............#####..## #.#
#####..............#
#####.#### #
#.#.###.####>.P#+#+#.........
# #.#.# #.# #...†...#
#....... # #.#.# #<#
#.gP#...###.#.###. # #.#.#
#.####@÷.# ..##....# #. #
#.#.# #........#####.....# #.
#####.#.#
#...........###...## #.
.....#..#
######.####.####.#####†
#####.### #.# #.....#...##.
#.# #.# ######.##.##.
#.##########.# #.##.##.
#...........[# #.##.##.
############## #.##.##.


You could see a gnoll.

Vanquished Creatures
  A dart slug (D:2)
  A ribbon worm (D:2)
  2 bats
  An endoplasm (D:2)
  4 goblins
  3 hobgoblins
  4 jackals
  4 quokkas
  4 ball pythons
  5 kobolds
  6 rats
35 creatures vanquished.

Vanquished Creatures (collateral kills)
  10 foxfires (D:2)
10 creatures vanquished.

Vanquished Creatures (others)
  48 foxfires
48 creatures vanquished.

Grand Total: 93 creatures vanquished

Notes
Turn   | Place    | Note
-------+----------+-------------------------------------------
     0 | D:1      | lunkers the Mountain Dwarf Fire Elementalist began the
                  | quest for the Orb.
     0 | D:1      | Reached XP level 1. HP: 14/14 MP: 3/3
   171 | D:1      | Reached skill level 4 in Fire Magic
   206 | D:1      | Reached XP level 2. HP: 20/20 MP: 0/4
   347 | D:1      | Learned a level 2 spell: Scorch
   649 | D:1      | Reached skill level 5 in Fire Magic
   708 | D:1      | Reached XP level 3. HP: 26/26 MP: 0/5
  1791 | D:2      | Reached XP level 4. HP: 26/33 MP: 1/6
  1802 | D:2      | Slain by a gnoll

Illustrated notes

Levels and vault maps discovered:
D:1:      kilobyte_arrival_exit_the_forest, layout_loops_cross,
          minmay_small_reverse_x
D:2:      layout_loops_ring, cheibrodos_gnoll_hut

Skill      XL: |  1  2 |
---------------+-------+-----
Fire Magic     | 4 5 |  5.9
Dodging        | |  1.3
Stealth        | |  1.4
Spellcasting   | |  1.7
Conjurations   | |  0.8

Action                     |  1- 3 |  4- 6 || total
---------------------------+-------+-------++-------
  Melee: Unarmed           |     2 |       ||     2
         Short sword       |    28 |     4 ||    32
   Cast: Foxfire           |    56 |     2 ||    58
         Scorch            |     2 |       ||     2
 Armour: Robe              |    20 |     6 ||    26
  Dodge: Dodged            |    24 |     5 ||    29

Table legend: (Time is in decaauts)
 A = Elapsed time spent in this place.
 B = Non-inter-level travel time spent in this place.
 C = Inter-level travel time spent in this place.
 D = Time resting spent in this place.
 E = Time spent auto-exploring this place.
 F = Levels seen in this place.
 G = Mean time per level.
                   A        B        C        D        E       F      G
               +--------+--------+--------+--------+--------+-----+--------+
         Total |   1808 |   1766 |     42 |      0 |   1533 |   2 |  904.0 |
       Dungeon |   1808 |   1766 |     42 |      0 |   1533 |   2 |  904.0 |
               +--------+--------+--------+--------+--------+-----+--------+

Top non-repeatable levels by time:
     D:1: 1160 daAuts
     D:2: 647 daAuts
